[Event "Basque-ch 2019"]
[Site "Getxo"]
[Date "2019.04.24"]
[Round "2.6"]
[White "Segura Del Frago, Imanol"]
[Black "Basto Auzmendi, Mario"]
[Result "0-1"]
[ECO "A39"]
[WhiteElo "2028"]
[BlackElo "1981"]
[Annotator "NA RC"]
[PlyCount "76"]
[EventDate "2019.04.22"]
[EventType "swiss"]
[EventCountry "ESP"]
[SourceTitle "playchess.com"]
[Source "ChessBase"]
[SourceQuality "1"]
[TimeControl "5400+30"]

1. c4 Nf6 2. Nc3 g6 3. g3 Bg7 4. Bg2 d6 5. e4 c5 6. Nge2 Nc6 7. O-O O-O 8. d4 cxd4 9. Nxd4 Nxd4 10. Qxd4 Be6 11. Qd3 Rc8 12. Nd5 Nxd5 13. exd5 Bf5 14. Qe2 Qd7 15. Bg5 h6 16. Be3 b5 17. Rac1 bxc4 18. Rxc4 Rxc4 19. Qxc4 Rc8 20. Qa6 Bxb2 21. Bxh6 Rc3 22. Qe2 Rc2 23. Qd1 Qa4 24. Re1 Bf6 25. a3 Qd4 26. Be3 Qxd1 27. Rxd1 a5 28. Bf3 Ra2 29. g4 Bc2 30. Rc1 Bc3 31. h3 Be5 32. Kg2 a4 33. h4 Kg7 34. g5 Bd3 35. Rc7 Rxa3 36. Rxe7 Ra1 37. h5 Bf1+ 38. Kg1 Bh3+ 0-1

[Event "Basque-ch 2019"]
[Site "Getxo"]
[Date "2019.04.26"]
[Round "5.6"]
[White "Munoz Avila, Jose Luis"]
[Black "Segura Del Frago, Imanol"]
[Result "1-0"]
[ECO "E05"]
[WhiteElo "2146"]
[BlackElo "2028"]
[Annotator "RC"]
[PlyCount "93"]
[EventDate "2019.04.22"]
[EventType "swiss"]
[EventCountry "ESP"]
[SourceTitle "playchess.com"]
[Source "ChessBase"]
[SourceQuality "1"]
[TimeControl "5400+30"]

1. Nf3 Nf6 2. d4 d5 3. c4 e6 4. g3 Be7 5. Bg2 O-O 6. O-O dxc4 7. Qa4 a6 8. Qxc4 b5 9. Qc2 Bb7 10. Bd2 Be4 11. Qc1 Nbd7 12. Ba5 Rc8 13. Nbd2 Ba8 14. Qc2 Qe8 15. b4 Bd6 16. Rac1 e5 17. dxe5 Nxe5 18. Nxe5 Bxg2 19. Kxg2 Qxe5 20. Nb3 Rfe8 21. Rfd1 Qh5 22. Rxd6 Rxe2 23. Rd2 Rce8 24. Rxe2 Rxe2 25. Qc5 Nd5 26. Rd1 Rxf2+ 27. Qxf2 Qxd1 28. Nc5 h5 29. Nxa6 Nf6 30. h3 Ne4 31. Qe3 Nd2 32. Qe8+ Kh7 33. Qxf7 Qe2+ 34. Qf2 Qe4+ 35. Kg1 Nf3+ 36. Kf1 Nd4 37. Qg2 Qb1+ 38. Kf2 Qxa2+ 39. Kg1 Qb1+ 40. Qf1 Qe4 41. Bxc7 Nf3+ 42. Kf2 Nd2 43. Qxb5 Qf3+ 44. Ke1 Ne4 45. Qe2 Qh1+ 46. Qf1 Nxg3 47. Qxh1 1-0

[Event "Basque-ch 2019"]
[Site "Getxo"]
[Date "2019.04.27"]
[Round "6.3"]
[White "Argandona Riveiro, Inigo"]
[Black "Munoz Avila, Jose Luis"]
[Result "1-0"]
[ECO "B01"]
[WhiteElo "2411"]
[BlackElo "2146"]
[Annotator "RC"]
[PlyCount "109"]
[EventDate "2019.04.22"]
[EventType "swiss"]
[EventCountry "ESP"]
[SourceTitle "playchess.com"]
[Source "ChessBase"]
[SourceQuality "1"]
[TimeControl "5400+30"]

1. e4 d5 2. exd5 Nf6 3. d4 Nxd5 4. c4 Nb6 5. Nc3 e5 6. dxe5 Qxd1+ 7. Nxd1 Bb4+ 8. Bd2 Bxd2+ 9. Kxd2 Nc6 10. Nc3 Be6 11. Nf3 Nxc4+ 12. Bxc4 Bxc4 13. Rad1 O-O-O+ 14. Ke3 Rde8 15. Kf4 f6 16. exf6 Rhf8 17. h3 Rxf6+ 18. Kg3 Rg6+ 19. Kh2 Ne5 20. Nxe5 Rxe5 21. Rd4 Be6 22. Rhd1 b6 23. R1d3 Ra5 24. a4 Rf6 25. b4 Raf5 26. Ne4 Rf7 27. Rd8+ Kb7 28. Rh8 Bd7 29. b5 Re5 30. f3 h6 31. Rd4 a6 32. f4 Ree7 33. Nc3 axb5 34. axb5 Re3 35. Rc4 Re8 36. Rxe8 Bxe8 37. Re4 Bd7 38. Kg3 Kc8 39. Re5 Kd8 40. h4 Re7 41. Kf2 c6 42. bxc6 Bxc6 43. g3 Kd7 44. Ke3 Kd6 45. Kd4 Re6 46. Nd1 Rg6 47. Ne3 Bd7 48. Nc4+ Kc7 49. Re7 Rxg3 50. Ne5 Rh3 51. Rxd7+ Kc8 52. Rxg7 Rxh4 53. Rf7 Rh1 54. Kd5 Rc1 55. f5 1-0

[Event "Basque-ch 2019"]
[Site "Getxo"]
[Date "2019.04.27"]
[Round "6.5"]
[White "Sadusea, Johnny Fernando"]
[Black "Basto Auzmendi, Mario"]
[Result "1-0"]
[ECO "B01"]
[WhiteElo "2150"]
[BlackElo "1981"]
[Annotator "NA"]
[PlyCount "69"]
[EventDate "2019.04.22"]
[EventType "swiss"]
[EventCountry "ESP"]
[SourceTitle "playchess.com"]
[Source "ChessBase"]
[SourceQuality "1"]
[TimeControl "5400+30"]

1. e4 d5 2. exd5 Nf6 3. Nf3 Qxd5 4. Nc3 Qh5 5. h3 e5 6. Be2 e4 7. Nd4 Qe5 8. Nb3 Nc6 9. Bb5 Bd6 10. Bxc6+ bxc6 11. Ne2 Ba6 12. d4 exd3 13. cxd3 O-O-O 14. Kf1 Rhe8 15. Nbd4 Bc5 16. Bf4 Qd5 17. Be3 Bxd4 18. Nxd4 c5 19. Nf3 Qxd3+ 20. Qxd3 Rxd3 21. Kg1 c4 22. Kh2 Kb7 23. Rac1 Nd5 24. Ne1 Nxe3 25. Nxd3 cxd3 26. fxe3 Rxe3 27. Rce1 Re6 28. Rxe6 fxe6 29. Kg3 Kb6 30. Kf2 Kc5 31. Ke3 Kd5 32. Rf1 c5 33. Rf7 c4 34. Rxa7 Bb5 35. Ra5 1-0

[Event "Basque-ch 2019"]
[Site "Getxo"]
[Date "2019.04.27"]
[Round "6.6"]
[White "Prieto Aranguren, Alain"]
[Black "Trigo Urquijo, Sergio"]
[Result "0-1"]
[ECO "A50"]
[WhiteElo "2257"]
[BlackElo "2383"]
[Annotator "ChessBase"]
[PlyCount "138"]
[EventDate "2019.04.22"]
[EventType "swiss"]
[EventCountry "ESP"]
[SourceTitle "playchess.com"]
[Source "ChessBase"]
[SourceQuality "1"]
[TimeControl "5400+30"]

1. d4 Nf6 2. Nf3 g6 3. c4 Bg7 4. g3 b6 5. Bg2 Bb7 6. O-O O-O 7. Nc3 Ne4 8. Nxe4 Bxe4 9. Qd2 Nc6 10. e3 d5 11. b3 e5 12. Nxe5 Nxe5 13. dxe5 Bxe5 14. Bb2 Bxb2 15. Qxb2 Bxg2 16. Kxg2 dxc4 17. bxc4 Qe7 18. Qc3 Rad8 19. Rad1 h5 20. h4 Rd6 21. Rxd6 Qxd6 22. Qd4 Qa3 23. Rd1 c5 24. Qd2 Qa4 25. Rc1 Re8 26. Rc2 Qc6+ 27. Kg1 Qe4 28. Rc3 Kh7 29. Qd3 Qg4 30. Rc2 Re4 31. Qd5 Kg7 32. Kg2 Re7 33. Rd2 Qe4+ 34. Qxe4 Rxe4 35. Rc2 Kf6 36. Kf3 Ke5 37. Ke2 Kd6 38. Kd3 Re6 39. Rb2 Kc6 40. Kc2 Rf6 41. Kd3 Rd6+ 42. Ke2 Kb7 43. Rb3 Rd8 44. Ke1 a6 45. Ke2 Rd7 46. Rb2 Kc6 47. a4 Rd8 48. Rb1 Rb8 49. Rb2 b5 50. axb5+ axb5 51. cxb5+ Rxb5 52. Ra2 c4 53. Kd2 Rf5 54. f4 Rd5+ 55. Ke2 Kb5 56. Ra7 f5 57. Rb7+ Kc5 58. Rc7+ Kb5 59. Rb7+ Kc6 60. Rb4 Kc5 61. Rb8 c3 62. e4 fxe4 63. Ke3 Kc4 64. Rb1 c2 65. Rc1 Kc3 66. Kxe4 Rd1 67. Rxc2+ Kxc2 68. f5 Re1+ 69. Kd4 Kd1 0-1

[Event "Basque-ch 2019"]
[Site "Getxo"]
[Date "2019.04.28"]
[Round "7.4"]
[White "Lakuntza Plazaola, Asier"]
[Black "Sadusea, Johnny Fernando"]
[Result "1-0"]
[ECO "D36"]
[WhiteElo "2153"]
[BlackElo "2150"]
[Annotator "NA"]
[PlyCount "109"]
[EventDate "2019.04.22"]
[EventType "swiss"]
[EventCountry "ESP"]
[SourceTitle "playchess.com"]
[Source "ChessBase"]
[SourceQuality "1"]
[TimeControl "5400+30"]

1. d4 Nf6 2. c4 e6 3. Nc3 d5 4. cxd5 exd5 5. Bg5 Be7 6. e3 O-O 7. Bd3 Nbd7 8. Nf3 Re8 9. O-O Nf8 10. h3 c6 11. Qc2 $14 Ng6 12. Bxf6 Bxf6 13. b4 Qd6 14. Rab1 Bd8 15. Rfc1 Qf6 16. Qd1 Nh4 17. Nxh4 Qxh4 18. b5 Re6 19. Bf5 Rf6 20. g3 Qg5 21. Bxc8 Rxc8 22. Qg4 Qxg4 23. hxg4 Rd6 24. Na4 Kf8 25. bxc6 bxc6 26. Rb7 Ra8 27. Nc5 Ke8 28. Na6 Rc8 29. Rxa7 Rd7 30. Rxd7 Kxd7 31. Rb1 Be7 32. Rb7+ Kd8 33. Ra7 Ke8 34. a4 Bd6 35. Kf1 Rd8 36. Nc5 Rb8 37. a5 Rb5 38. a6 Bxc5 39. dxc5 Ra5 40. g5 g6 41. Ke2 Kf8 42. Kd3 Rxc5 43. Rc7 Kg7 44. Kd4 Ra5 45. Rxc6 h6 46. gxh6+ Kxh6 47. Ke5 Ra2 48. f3 Ra3 49. Kxd5 Rxe3 50. a7 Ra3 51. Rc7 Kg7 52. Kc6 Ra2 53. Kb7 Rb2+ 54. Kc8 Ra2 55. Kb8 1-0

[Event "Basque-ch 2019"]
[Site "Getxo"]
[Date "2019.04.28"]
[Round "7.6"]
[White "Basto Auzmendi, Mario"]
[Black "Martinez Fernandez, Adrian"]
[Result "0-1"]
[ECO "B50"]
[WhiteElo "1981"]
[BlackElo "2318"]
[Annotator "NA"]
[PlyCount "57"]
[EventDate "2019.04.22"]
[EventType "swiss"]
[EventCountry "ESP"]
[SourceTitle "playchess.com"]
[Source "ChessBase"]
[SourceQuality "1"]
[TimeControl "5400+30"]

1. e4 c5 2. Nf3 d6 3. c3 Nf6 4. Be2 g6 5. O-O Bg7 6. e5 dxe5 7. Nxe5 O-O 8. d4 cxd4 9. cxd4 $11 Nbd7 10. Nc3 Nb6 11. Bf3 Nfd5 12. Nxd5 Nxd5 13. Qb3 Nb6 14. Rd1 Be6 15. d5 Bf5 16. Bf4 Rc8 17. Rac1 Rxc1 18. Rxc1 Qd6 19. Nd3 e5 20. Be3 e4 21. Bc5 Qd8 22. g4 exf3 23. gxf5 Re8 24. Kh1 Nxd5 25. fxg6 hxg6 26. Qxb7 Qg5 27. Rg1 Qf5 28. Qb3 a6 29. Ne1 0-1